 Dungeon Crawl Stone Soup version 0.29.0-13-gc9e81de378 (webtiles) character file.

Game seed: 8795332946512780799

88 Sabo the Gusty (level 4, -2/34 HPs)
             Began as a Demigod Air Elementalist on Sept 9, 2022.
             Slain by an orc
             ... wielding a +2 vampiric dagger
              (3 damage)
             ... on level 3 of the Dungeon.
             The game lasted 00:16:44 (3101 turns).

Sabo the Gusty (Demigod Air Elementalist)           Turns: 3101, Time: 00:16:44

Health: -2/34      AC:  3    Str:  9    XL:     4   Next: 9%
Magic:  10/10      EV: 12    Int: 21    God:
Gold:   131        SH:  0    Dex: 14    Spells: 6/7 levels left

rFire   . . .      SeeInvis .   f - staff of air
rCold   . . .      Faith    .   (no shield)
rNeg    . . .      Spirit   .   a - +0 robe
rPois   .          Reflect  .   (no helmet)
rElec   +          Harm     .   i - +0 cloak
rCorr   .          Rampage  .   (no gloves)
Will    .....                   (no boots)
Stlth   ++........              (no amulet)
HPRegen 0.11/turn               (no ring)
MPRegen 0.12/turn               (no ring)

@: very slightly contaminated
A: high MP 1, forlorn, divine attributes
a: no special abilities


You were on level 3 of the Dungeon.
You visited 1 branch of the dungeon, and saw 3 of its levels.

You collected 131 gold pieces.

Inventory:

Hand Weapons
 c - a +0 sling
 e - a +0 short sword
Armour
 a - a +0 robe (worn)
 i - a +0 cloak (worn)
 n - a +0 ring mail of fire resistance
Magical Staves
 f - a staff of air (weapon)
Wands
 p - a wand of roots (4)
Scrolls
 d - a scroll of butterflies {unknown}
 l - a scroll of teleportation {unknown}
 m - a scroll of fear {unknown}
Potions
 b - a potion of magic
 g - a potion of degeneration {unknown}
 h - a potion of attraction {unknown}
 j - a potion of curing {unknown}
 k - a potion of ambrosia {unknown}
 o - a potion of might {unknown}


   Skills:
 + Level 0.4 Fighting
 + Level 0.7 Staves
 + Level 2.2 Dodging
 + Level 2.2 Stealth
 + Level 2.3 Spellcasting
 + Level 1.3 Conjurations
 + Level 3.3 Air Magic


You had 6 spell levels left.
You knew the following spells:

 Your Spells              Type           Power      Damage    Failure   Level
a - Shock                 Conj/Air       72%        1d7       5%          1

Your spell library contained the following spells:

 Spells                   Type           Power      Damage    Failure   Level
 Static Discharge         Conj/Air       18%        3-6/arc   9%          2
 Swiftness                Air            24%        N/A       11%         3
 Airstrike                Air            12%        2d(2-18)  34%         4


Dungeon Overview and Level Annotations

Branches:
Dungeon (3/15)


Innate Abilities, Weirdness & Mutations

You have an increased reservoir of magic. (+10% MP)
You shall have no god before yourself.
Your divine heritage dramatically boosts your attributes as you level up.


Message History

Confirm with . or Enter, or press ? or * to list all spells.
Aiming: Shock (safe; 5% risk of failure)
Press: ? - help, Shift-Dir - straight line, f - orc
Aim: an orc, wielding a +2 vampiric dagger and wearing a +0 leather armour (moderately wounded, 71% to hit)
You feel a surge of power!
The zap misses the orc.
The zap hits the orc priest.
The orc priest is moderately wounded.
Casting: Shock (safe; 5% risk of failure)
Confirm with . or Enter, or press ? or * to list all spells.
Aiming: Shock (safe; 5% risk of failure)
Press: ? - help, Shift-Dir - straight line, f - orc priest, p - orc
Aim: an orc priest, wielding a +0 club and wearing a +0 scale mail (moderately wounded, 75% to hit)
You feel a surge of power!
The zap hits the orc priest.
The orc priest is severely wounded.
The orc priest invokes the aid of Beogh against you.
Pain shoots through your body!
* * * LOW HITPOINT WARNING * * *
The orc hits you but does no damage.
Casting: Shock (safe; 5% risk of failure)
Confirm with . or Enter, or press ? or * to list all spells.
Aiming: Shock (safe; 5% risk of failure)
Press: ? - help, Shift-Dir - straight line, f/p - orc priest
Aim: an orc priest, wielding a +0 club and wearing a +0 scale mail (severely wounded, 75% to hit)
You feel a surge of power!
The zap hits the orc priest!
You kill the orc priest!
The orc hits you but does no damage.
You have reached level 4!
Casting: Shock (safe; 5% risk of failure)
Confirm with . or Enter, or press ? or * to list all spells.
Aiming: Shock (safe; 5% risk of failure)
Press: ? - help, Shift-Dir - straight line, f - orc
Aim: an orc, wielding a +2 vampiric dagger and wearing a +0 leather armour (moderately wounded, 71% to hit)
You feel a surge of power!
You miscast Shock.
You are very lightly contaminated with residual magic.
Nothing appears to happen.
The orc hits you with a +2 vampiric dagger.
* * * LOW HITPOINT WARNING * * *
The orc draws strength from your wounds!
Magic courses through your body.
The orc hits you with a +2 vampiric dagger.
You die...

......o.....#
#........
............#
#...(..†.
##.#######..#
#........
#oo####........
#o....#........
#.....#........
#.....#.......>
####.....#........
#@)).....#........
#o###....#........
#.# #....#........
#.# #....#########
#.# #.........#
#.# ##...####.#
#.# #...# #.# #?#
##### #.### #.#.#


You could see an orc.

Vanquished Creatures
  An orc priest (D:3)
  An adder (D:2)
  A shadow imp (D:3)
  2 dart slugs (D:2)
  2 orcs (D:3)
  4 ball pythons
  A goblin (D:2)
  4 hobgoblins
  7 jackals (D:2)
  4 kobolds
  A bat (D:1)
  A frilled lizard (D:1)
  5 rats
34 creatures vanquished.

Notes
Turn   | Place    | Note
-------+----------+-------------------------------------------
     0 | D:1      | Sabo the Demigod Air Elementalist began the quest for the
                  | Orb.
     0 | D:1      | Reached XP level 1. HP: 14/14 MP: 5/5
   738 | D:1      | Reached XP level 2. HP: 20/20 MP: 2/7
  1047 | D:2      | Reached skill level 1 in Conjurations
  1250 | D:2      | Reached skill level 3 in Air Magic
  2406 | D:2      | Reached XP level 3. HP: 18/26 MP: 4/8
  3100 | D:3      | Reached XP level 4. HP: 2/34 MP: 1/10
  3100 | D:3      | HP: 1/34 [orc/+2 vampiric dagger (2)]
  3101 | D:3      | Slain by an orc

Illustrated notes

Levels and vault maps discovered:
D:1:      mrwooster_arrival_statue_2, layout_loops_cross, basic_ecumenical_altar
D:2:      minmay_angry_zag, layout_basic, basic_altar
D:3:      layout_basic, pdpol_wu_jian_five_deadly_venoms

Skill      XL: |  1  2 |
---------------+-------+-----
Stealth        | 2 |  2.2
Spellcasting   | 2 |  2.3
Conjurations   | 1 |  1.3
Air Magic      | 3 |  3.3
Dodging        | 2 |  2.2
Fighting       | |  0.4
Staves         | |  0.7

Action                   |  1- 3 |  4- 6 || total
-------------------------+-------+-------++-------
Melee: Staff             |    68 |       ||    68
       Punch             |     1 |       ||     1
 Cast: Shock             |    54 |       ||    54
  Use: Potion            |       |     1 ||     1
Armor: Robe              |    21 |       ||    21
Dodge: Dodged            |    62 |       ||    62
